 Dungeon Crawl Stone Soup version 0.31.0-11-ge490571c62 (webtiles) character file.

Game seed: 5746499924598325427

833 monsoonserge the Cudgeller (level 7, -1/42 (56) HPs)
             Began as a Gnoll Reaver on Jan 31, 2024.
             Killed by nerve-wracking pain
             ... invoked by Menkaure
              (5 damage)
             ... on level 5 of the Dungeon.
             The game lasted 00:10:30 (4400 turns).

monsoonserge the Cudgeller (Gnoll Reaver)           Turns: 4400, Time: 00:10:31

HP:   -1/42 (56)    AC:  7    Str: 11    XL:     7   Next: 98%
MP:   15/15         EV: 18    Int: 14    God:
Gold: 278           SH:  0    Dex: 11    Spells: 16/17 levels left

rFire   . . .        i - +0 whip (drain)
rCold   . . .        (no shield)
rNeg    + . .        r - +1 leather armour {rPois}
rPois   +            v - +2 helmet
rElec   .            (no cloak)
rCorr   .            (no gloves)
SInv    .            (no boots)
Will    .....        (no amulet)
Stlth   ++           k - ring of positive energy
HPRegen 0.27/turn    q - +5 ring of evasion
MPRegen 0.14/turn

%: no passive effects
@: brilliant, very heavily drained
A: fangs 1, strong nose, distributed training
a: no special abilities


You were on level 5 of the Dungeon.
You visited 1 branch of the dungeon, and saw 5 of its levels.

You collected 330 gold pieces.
You spent 52 gold pieces at shops.

Inventory:

Hand Weapons
 i - a +0 whip of draining (weapon)
 j - a +1 vampiric spear
 x - a +2 dagger of venom
Missiles
 e - 15 boomerangs
 g - a throwing net
 l - 6 javelins
 D - 3 poisoned darts (quivered)
Armour
 r - a +1 leather armour of poison resistance (worn)
 v - a +2 helmet (worn)
Jewellery
 k - a ring of positive energy (left hand)
 q - a +5 ring of evasion (right hand)
 A - a ring of positive energy
Wands
 p - a wand of digging (2)
 y - a wand of quicksilver (7)
Scrolls
 a - a scroll of fear {unknown}
 b - a scroll of enchant weapon {unknown}
 f - a scroll of revelation {unknown}
 h - a scroll of teleportation {unknown}
 m - a scroll of butterflies {unknown}
 t - 2 scrolls of identify {unknown}
 u - 2 scrolls of fog {unknown}
 B - a scroll of poison {unknown}
 C - a scroll of brand weapon {unknown}
Potions
 c - 2 potions of haste
 o - a potion of magic {unknown}
 s - a potion of heal wounds {unknown}
 w - 2 potions of curing
 z - a potion of attraction {unknown}
 E - a potion of enlightenment {unknown}


   Skills:
 + Level 5.5 Fighting
 + Level 2.9 Short Blades
 + Level 2.9 Long Blades
 + Level 2.9 Axes
 + Level 7.2 Maces & Flails
 + Level 2.9 Polearms
 + Level 2.9 Staves
 + Level 2.9 Ranged Weapons
 + Level 2.9 Throwing
 + Level 2.9 Armour
 + Level 5.5 Dodging
 + Level 2.9 Stealth
 + Level 2.9 Shields
 + Level 2.9 Unarmed Combat
 + Level 5.8 Spellcasting
 + Level 6.0 Conjurations
 + Level 2.3 Hexes
 + Level 2.3 Summonings
 + Level 2.3 Necromancy
 + Level 2.3 Translocations
 + Level 2.3 Fire Magic
 + Level 2.3 Ice Magic
 + Level 2.3 Air Magic
 + Level 2.3 Earth Magic
 + Level 2.3 Alchemy
 + Level 3.2 Invocations
 + Level 2.9 Evocations
 + Level 2.6 Shapeshifting


You had 16 spell levels left.
You knew the following spells:

 Your Spells              Type           Power      Damage    Failure   Level
a - Kiss of Death         Conj/Necr      92%        2d12      3%          1

Your spell library contained the following spells:

 Spells                   Type           Power      Damage    Failure   Level
 Sting                    Conj/Alch      92%        1d8       3%          1
 Momentum Strike          Conj/Tloc      46%        3d9       5%          2
 Hailstorm                Conj/Ice       23%        3d7       11%         3
 Mercury Vapours          Alch/Air       32%        N/A       12%         2
 Olgreb's Toxic Radiance  Alch           16%        N/A       58%         4


Dungeon Overview and Level Annotations

Branches:
Dungeon (5/15)
 Temple: D:4-7

Altars:
Ashenzari

Shops:
D:4 !

Annotations:
D:5 Menkaure


Innate Abilities, Weirdness & Mutations

You have very sharp teeth.
Your uncanny sense of smell can sniff out nearby items.
Your experience applies equally to all skills.


Message History

Menkaure is moderately damaged.
Menkaure barely misses you.
You hit Menkaure but do no damage.
Menkaure is moderately damaged.
Menkaure closely misses you.
You hit Menkaure but do no damage.
Menkaure is moderately damaged.
Menkaure completely misses you.
You hit Menkaure.
Menkaure is moderately damaged.
Menkaure barely misses you.
You closely miss Menkaure. You punch Menkaure.
Menkaure is heavily damaged.
Menkaure misses you.
You hit Menkaure but do no damage. You bite Menkaure, but do no damage.
Menkaure is heavily damaged.
Menkaure gestures at you while chanting.
Pain shoots through your body!
You barely miss Menkaure.
Menkaure is heavily damaged.
Menkaure grins.
Menkaure misses you.
You barely miss Menkaure. You bite Menkaure, but do no damage.
Menkaure is heavily damaged.
Menkaure calls on the powers of darkness!
Your body is wracked with pain!
* * * LOW HITPOINT WARNING * * *
You hit Menkaure. You bite Menkaure, but do no damage.
Menkaure is severely damaged.
Menkaure hits you!
* * * LOW HITPOINT WARNING * * *
It was a potion of cancellation.
You feel magically purged.
Menkaure calls on the powers of darkness!
Your body is wracked with pain!
* * * LOW HITPOINT WARNING * * *
It was a potion of brilliance.
You feel clever all of a sudden.
Menkaure points at you and mumbles some strange words.
Pain shoots through your body!
You die...

... #..##....#
$...#........#
............## #
.....[.)....# #.
............# .
..$.........##
......#......# # .
.....##......# #
... .....##..@|..#
#.....
........M...######
.....#
.......###....##.#
..#.## ..#.#
##...#..## .....#
.##. #..##...#
...... ##..##
##......# ......
.......#
####...### .....#
.. ...## #......#
....#####..##..##
#.....##


You could see Menkaure (fast).

Vanquished Creatures
  An orc warrior (D:4)
  2 black bears
  A scorpion (D:4)
  2 bombardier beetles
  A hound (D:5)
  A jelly (D:5)
  3 orc priests
  An iguana (D:5)
  2 orc wizards (D:4)
  4 gnolls
  4 adders
  2 ufetubi (D:5)
  3 dart slugs
  2 ribbon worms (D:2)
  19 orcs
  2 ball pythons
  9 endoplasms
  3 giant cockroaches
  10 goblins
  6 hobgoblins
  9 kobolds
  2 quokkas
  3 bats
  3 frilled lizards
  5 rats
100 creatures vanquished.

Notes
Turn   | Place    | Note
-------+----------+-------------------------------------------
     0 | D:1      | monsoonserge the Gnoll Reaver began the quest for the Orb.
     0 | D:1      | Reached XP level 1. HP: 20/20 MP: 6/6
   158 | D:1      | Reached XP level 2. HP: 6/23 MP: 5/7
   557 | D:2      | Reached skill level 5 in Spellcasting
   557 | D:2      | Reached XP level 3. HP: 26/27 MP: 6/9
   813 | D:2      | Reached skill level 1 in Invocations
   950 | D:2      | Reached skill level 1 in Short Blades
   950 | D:2      | Reached skill level 1 in Long Blades
   950 | D:2      | Reached skill level 1 in Axes
   950 | D:2      | Reached skill level 1 in Polearms
   950 | D:2      | Reached skill level 1 in Staves
   950 | D:2      | Reached skill level 1 in Ranged Weapons
   950 | D:2      | Reached skill level 1 in Throwing
   950 | D:2      | Reached skill level 1 in Armour
   950 | D:2      | Reached skill level 1 in Stealth
   950 | D:2      | Reached skill level 1 in Shields
   950 | D:2      | Reached skill level 1 in Unarmed Combat
   950 | D:2      | Reached skill level 1 in Evocations
  1176 | D:2      | Reached skill level 1 in Shapeshifting
  1176 | D:2      | Reached XP level 4. HP: 35/38 MP: 11/11
  1428 | D:3      | Reached skill level 1 in Hexes
  1428 | D:3      | Reached skill level 1 in Summonings
  1428 | D:3      | Reached skill level 1 in Necromancy
  1428 | D:3      | Reached skill level 1 in Translocations
  1428 | D:3      | Reached skill level 1 in Fire Magic
  1428 | D:3      | Reached skill level 1 in Ice Magic
  1428 | D:3      | Reached skill level 1 in Air Magic
  1428 | D:3      | Reached skill level 1 in Earth Magic
  1428 | D:3      | Reached skill level 1 in Alchemy
  1694 | D:3      | Reached XP level 5. HP: 26/37 MP: 10/12
  2152 | D:3      | Reached XP level 6. HP: 16/41 MP: 13/13
  2341 | D:3      | Found a broken altar of Ashenzari.
  2640 | D:3      | Reached skill level 5 in Fighting
  2640 | D:3      | Reached skill level 5 in Dodging
  2953 | D:4      | Found Neumast's Distillery.
  3073 | D:4      | Noticed a black bear
  3081 | D:4      | Killed a black bear
  3212 | D:4      | Reached skill level 7 in Maces & Flails
  3212 | D:4      | Reached XP level 7. HP: 45/50 MP: 15/15
  3760 | D:4      | Bought a potion of curing for 39 gold pieces
  3762 | D:4      | Bought a potion of degeneration for 13 gold pieces
  3781 | D:5      | Entered Level 5 of the Dungeon
  3942 | D:5      | Noticed Menkaure
  4400 | D:5      | Killed from afar by Menkaure

Illustrated notes

Levels and vault maps discovered:
D:1:      evilmike_arrival_plus, layout_basic, st_stairs_8, nicolae_the_louvre
D:2:      kennysheep_big_flooded_room, layout_basic
D:3:      wad_river_or_something, layout_basic, lemuel_coloured_pillars_altar,
          dreamdust_mushroom_princess, nicolae_kite_square_tiling_tiny,
          minmay_misc_feat_rows
D:4:      layout_cave_pools, serial_shops, shop_fountains, dk_noncrumbling_4,
          kennysheep_generic_room_4
D:5:      layout_cave_pools, mainiacjoe_overflow_cross_hatched,
          wad_rectangle_vault, uniq_menkaure

Skill      XL: |  1  2  3  4  5  6  7 |
---------------+----------------------+-----
Spellcasting   | 5 |  5.8
Invocations    | 1 2 3 |  3.2
Short Blades   | 1 2 |  2.9
Long Blades    | 1 2 |  2.9
Axes           | 1 2 |  2.9
Polearms       | 1 2 |  2.9
Staves         | 1 2 |  2.9
Ranged Weapons | 1 2 |  2.9
Throwing       | 1 2 |  2.9
Armour         | 1 2 |  2.9
Stealth        | 1 2 |  2.9
Shields        | 1 2 |  2.9
Unarmed Combat | 1 2 |  2.9
Evocations     | 1 2 |  2.9
Shapeshifting  | 1 2 |  2.6
Hexes          | 1 2 |  2.3
Summonings     | 1 2 |  2.3
Necromancy     | 1 2 |  2.3
Translocations | 1 2 |  2.3
Fire Magic     | 1 2 |  2.3
Ice Magic      | 1 2 |  2.3
Air Magic      | 1 2 |  2.3
Earth Magic    | 1 2 |  2.3
Alchemy        | 1 2 |  2.3
Fighting       | 5 |  5.5
Dodging        | 5 |  5.5
Maces & Flails | 7 |  7.2
Conjurations   | 6 |  6.0

Action                     |  1- 3 |  4- 6 |  7- 9 || total
---------------------------+-------+-------+-------++-------
  Melee: Mace              |    32 |       |       ||    32
         Bite              |     6 |    17 |    17 ||    40
         Punch             |     2 |       |     3 ||     5
         Whip              |    73 |   163 |   106 ||   342
   Cast: Kiss of Death     |     2 |     5 |     5 ||    12
    Use: Potion            |       |     1 |     3 ||     4
   Stab: Sleeping          |     1 |     4 |       ||     5
 Armour: Leather armour    |    63 |    41 |    51 ||   155
  Dodge: Dodged            |    67 |   115 |   112 ||   294
